 Dungeon Crawl Stone Soup version 0.30.1-1-g62c8e00024 (webtiles) character file.

Game seed: 2094840541614962309

359032 AngryKot the Sorcerer (level 23, 0/182 HPs)
             Began as a Djinni Ice Elementalist on July 14, 2023.
             Was an Initiate of Gozag.
             Killed from afar by an ancient lich (84 damage)
             ... with a crystal spear
             ... on level 5 of the Vaults on July 15, 2023.
             The game lasted 03:53:48 (61740 turns).

AngryKot the Sorcerer (Djinni Ice Elementalist)    Turns: 61740, Time: 03:53:49

Health: 0/182      AC: 22    Str:  9    XL:     23   Next: 43%
Gold:   6980       EV: 25    Int: 25    God:    Gozag SH:  9 Dex: 17

rFire   + + +        H - +1 rapier "Loix" {spect, Drain rN++ Will+ SInv}
rCold   + . .        g - +3 warlock's mirror {omnireflect}
rNeg    + + .        T - +2 ring mail "Qevucle" {Contam rElec Will+ MP+9}
rPois   ∞            y - +0 helmet of Veha {Drain Regen+ rCorr Str+2}
rElec   +            Y - scarf {rC+ rF+}
rCorr   +            Q - +1 pair of gloves {hurl}
SInv    +            (boots unavailable)
Will    ++++.        a - amulet of regeneration
Stlth   +            q - ring of protection from cold
HPRegen 2.10/turn    u - +5 ring of evasion
MPRegen 0.00/turn

%: reflection, infuse magic (-1 HP)
@: ice-armoured, disjoining, gold aura, flying, hasted, invisible, very quick
A: sickness immunity, fire resistance 2, cold vulnerability 1, float, innate
caster, HP casting, extra vitality 1
}: 2/15 runes: serpentine, barnacled
a: Renounce Religion, Potion Petition, Call Merchant, Bribe Branch


You were on level 5 of the Vaults.
You worshipped Gozag.
Gozag was greatly pleased with you.
You visited 8 branches of the dungeon, and saw 37 of its levels.
You visited 2 bazaars.
You also visited: Sewer and Ice Cave.

You collected 16897 gold pieces.
You spent 4419 gold pieces at shops.
You paid 5498 gold pieces to Gozag.

Inventory:

Hand Weapons
 H - the +1 rapier "Loix" (weapon) {spect, Drain rN++ Will+ SInv}
   (You found it on level 3 of the Lair of Beasts)

   rN:        It greatly protects you from negative energy.
   SInv:      It lets you see invisible.
   Drain:     It drains your maximum health when unequipped.
   Will:      It increases your willpower.
Missiles
 S - 3 throwing nets
Armour
 g - the +3 warlock's mirror (worn) {omnireflect}
   (You bought it in a shop on level 4 of the Lair of Beasts)

   Omnireflect: It can block and reflect piercing ranged attacks and magical
   attacks against the wielder's willpower.
 o - a +2 helmet of intelligence
 p - a +2 robe of resistance
 y - the +0 helmet of Veha (worn) {Drain Regen+ rCorr Str+2}
   (You bought it in a shop on level 8 of the Dungeon)

   Str:       It affects your strength (+2).
   Regen:     It increases your rate of health regeneration.
   rCorr:     It protects you from acid and corrosion.
   Drain:     It drains your maximum health when unequipped.
 N - a +2 cloak of willpower
 Q - a +1 pair of gloves of hurling (worn)
 T - the +2 ring mail "Qevucle" (worn) {Contam rElec Will+ MP+9}
   (You bought it in a shop on level 3 of the Lair of Beasts)

   rElec:     It insulates you from electricity.
   MP:        It affects your magic capacity (+9).
   Contam:    It causes magical contamination when unequipped.
   Will:      It increases your willpower.
 Y - a scarf of resistance (worn)
Magical Staves
 w - a staff of air
Jewellery
 a - an amulet of regeneration (around neck)
 q - a ring of protection from cold (left hand)
 u - a +5 ring of evasion (right hand)
 J - a ring of protection from fire
 L - a ring of positive energy
 W - a ring of protection from cold
 Z - a +4 ring of protection
Wands
 m - a wand of flame (71)
 x - a wand of paralysis (12)
 M - a wand of mindburst (40)
 P - a wand of roots (15)
 U - a wand of polymorph (7)
 X - a wand of acid (7)
Scrolls
 c - 12 scrolls of teleportation
 i - 11 scrolls of poison
 l - 12 scrolls of magic mapping
 n - 3 scrolls of torment
 r - 2 scrolls of fog
 s - 6 scrolls of enchant weapon
 D - 2 scrolls of butterflies
 E - 6 scrolls of immolation
 F - 22 scrolls of identify
 G - 4 scrolls of silence
 I - a scroll of brand weapon
 K - 6 scrolls of fear
 O - 7 scrolls of blinking
 V - 4 scrolls of enchant armour
Potions
 b - 4 potions of invisibility
 e - a potion of ambrosia
 f - 8 potions of curing
 j - 7 potions of might
 k - 3 potions of resistance
 t - 11 potions of brilliance
 v - 5 potions of mutation
 z - 6 potions of berserk rage
 C - 3 potions of cancellation
 R - 2 potions of heal wounds
Miscellaneous
 A - a box of beasts


   Skills:
 + Level 20.4 Fighting
 - Level 10.0 Armour
 - Level 20.0 Dodging
 - Level 1.8 Stealth
 - Level 5.0 Shields
 * Level 21.1 Spellcasting


You knew the following spells:

 Your Spells              Type           Power      Damage    Failure   Level
a - Freeze                Ice            100%       1d10      0%          1
b - Frozen Ramparts       Ice            100%       1d16      0%          3
c - Ozocubu's Armour      Ice            93%        N/A       0%          3
d - Summon Ice Beast      Ice/Summ       93%        N/A       0%          4
e - Summon Small Mammal   Summ           100%       N/A       0%          1
f - Ensorcelled Hibernat  Hex/Ice        100%       N/A       0%          2
g - Ignite Poison         Fire/Tmut/Pois 93%        N/A       0%          3
h - Ice Form              Ice/Tmut       93%        N/A       0%          4
i - Summon Lightning Spi  Summ/Air       93%        N/A       0%          4
j - Yara's Violent Unrav  Hex/Tmut       46%        3d18      1%          5
k - Starburst             Conj/Fire      46%        6d13      1%          6
l - Enfeeble              Hex            46%        N/A       1%          7
m - Summon Hydra          Summ           46%        N/A       1%          7
n - Disjunction           Tloc           46%        N/A       6%          8
o - Ignition              Fire           46%        3d13      6%          8
Your spell library was empty.

Dungeon Overview and Level Annotations

Branches:
Dungeon (14/15)            Temple (1/1) D:4            Lair (5/5) D:8
 Shoals (4/4) Lair:2        Snake (4/4) Lair:3        Slime (0/5) Lair:4
    Orc (2/2) D:11            Elf (2/3) Orc:2        Vaults (5/5) D:14
  Crypt (0/3) Vaults:2      Sewer (visited)           IceCv (visited)

Altars:
Ashenzari
Cheibriados
Dithmenos
Elyvilon
Fedhas
Gozag
Hepliaklqana
Makhleb
Nemelex Xobeh
Okawaru
Qazlal
Ru
Trog
Uskayaw
Wu Jian
Xom
Yredelemnul
Zin
The Shining One
Jiyva

Shops:
D:7 [   D:8 [=   Orc:1 :   Orc:2 *[=(   Lair:3 **   Lair:4 [   Lair:5 *
Shoals:3 [   Snake:1 *   Snake:4 (

Annotations:
Shoals:2 Ilsuiw
Elf:2 3 runed translucent doors


Innate Abilities, Weirdness & Mutations

You are immune to sickness and miasma.
You are immune to poison.
Your flesh is very heat resistant. (rF++)
You are vulnerable to cold. (rC-)
You float through the air rather than walking.
You learn spells naturally, not from books.
Your magical power is your life essence.
You have superior vitality. (+4 MHP)


Message History

Casting: Disjunction (dangerous; 6% risk of failure)
Confirm with . or Enter, or press ? or * to list all spells.
A film of ice covers your body!
The tentacled monstrosity blinks!
The deep elf knight blinks!
The deep elf zephyrmancer blinks!
The deep elf knight points at you and mumbles some strange words.
The shard of ice hits you!! You partially resist.
The deep elf high priest mumbles some strange prayers to its god.
The deep elf high priest begins emitting a brilliant aura!
The deep elf sorcerer is empowered by the deep elf high priest's aura!
The titan is empowered by the deep elf high priest's aura!
The fire giant is empowered by the deep elf high priest's aura!
The vault guard is distracted by your dazzling golden aura.
The yaktaur shoots a bolt.
The bolt barely misses you.
The yaktaur captain shoots a bolt.
The bolt completely misses you.
Unknown command.
Unknown command.
You feel yourself speed up.
The titan blinks!
The vault guard is no longer distracted by gold.
The quicksilver dragon breathes dispelling energy at you.
Your +3 warlock's mirror {omnireflect} blocks the bolt of dispelling energy... and reflects it back!
The bolt of dispelling energy hits the quicksilver dragon!!
An ettin comes into view.
The deep elf zephyrmancer points at you and mumbles some strange words.
The bolt of lightning misses you.
The deep elf sorcerer casts a spell at you.
The sphere of damnation explodes!
The damnation engulfs you!!
The deep elf knight shoots an arrow.
The arrow completely misses you.
You hear an angry hiss.
You hear a deafening roar!
You hear a shout! x4
Unknown command.
Unknown command.
Unknown command.
You fade into invisibility!
The deep elf high priest blinks!
The golden dragon blinks!
The deep elf sorcerer blinks!
The ettin changes into a goliath frog!
The deep elf sorcerer points at you and mumbles some strange words.
The bolt of acid hits you! You resist.
The ancient lich points at you and mumbles some strange words.
The crystal spear hits you!!!!
You die...
Your body crumbles into a pile of gold.

#....# .. ..e..
#..e.# .
...D.##....#.#
...X..#....#.##
.e..#Cp.....##.
........L..$...
#####..§..$D.)###
....e.$$<<.ec....
.C.§.$$@§$c...e..
..e...$$<<.$.....
.......$$§$......
#####..$...D.####
......).p...
....#....#D##
$...#....#F.p $
$....#....# ##


You could see a shadow dragon, a tentacled monstrosity, a titan (empowered), a
golden dragon, an ancient lich (fast, invisible), a fire giant (empowered), 2
quicksilver dragons, a vault warden, a yaktaur captain (unable to see you), a
vault guard, a deep elf annihilator, a deep elf sorcerer (fast, empowered), a
vault sentinel, 3 deep elf knights, a deep elf high priest (brilliance aura,
unable to see you), a yaktaur (unable to see you), a goliath frog shaped shifter
(unable to see you) and a deep elf zephyrmancer (unable to see you).

Vanquished Creatures
  A tengu reaver (Vaults:5)
  The ghost of Dakuasitz the Severer, an adept FoFi of the Shining One (Shoals:1)
  Donald (Shoals:2)
  A frost giant (Shoals:4)
  3 nagarajas (Snake:4)
  Aizul (Snake:3)
  A deep elf sorcerer (Elf:2)
  2 vault wardens
  A stone giant (Vaults:5)
  An ironbound preserver (Vaults:5)
  3 very ugly things
  2 ironbound thunderhulks
  A deep elf demonologist (Elf:2)
  A dire elephant (Vaults:2)
  4 merfolk impalers (Shoals:4)
  An ettin (Vaults:5)
  3 merfolk javelineers
  26 vault guards
  2 yaktaur captains
  2 ironbound frosthearts (Vaults:2)
  4 boulder beetles
  2 salamander tyrants (Snake:4)
  5 centaur warriors
  2 caustic shrike simulacra (IceCv)
  A dancing weapon (Elf:2)
  2 merfolk avatars
  5 anacondas
  4 naga warriors
  3 death yaks
  7 naga sharpshooters
  2 shock serpents
  2 orc high priests (Orc:2)
  2 deep elf knights (Elf:1)
  3 skysharks
  4 sea snakes
  A salamander mystic (Snake:4)
  3 deep trolls (Vaults:2)
  An orange crystal statue (IceCv)
  4 naga ritualists
  2 ironbound convokers
  2 wizards
  9 harpies
  Pikel (D:4)
  A deep elf archer (Elf:1)
  A deep elf zephyrmancer (Elf:2)
  2 orc knights (Orc:2)
  A phantasmal warrior (Vaults:5)
  2 deep elf pyromancers (Elf:2)
  A lindwurm (Lair:4)
  4 orc sorcerers
  A wolf spider (shapeshifter) (Vaults:5)
  5 mana vipers
  4 ugly things
  A faun (Shoals:2)
  A salamander (Snake:4)
  3 cyclopes
  An elephant (Lair:5)
  3 water nymphs (Shoals:3)
  2 merfolk sirens
  5 naga magi
  15 black mambas
  An ice statue (Shoals:1)
  A vault sentinel (Vaults:4)
  8 cane toads
  2 rime drakes
  2 unseen horrors
  3 komodo dragons
  2 freezing wraiths (IceCv)
  2 yaktaurs (Vaults:5)
  An anaconda simulacrum (IceCv)
  A golden dragon simulacrum (IceCv)
  8 merfolk
  8 nameless horrors
  2 wind drakes
  A polar bear (Lair:4)
  A tyrant leech (Lair:5)
  Prince Ribbit (D:7)
  3 trolls (Orc:1)
  A hornet (D:8)
  6 blink frogs
  2 snapping turtles
  A water elemental (Shoals:2)
  An air elemental (Elf:2)
  A wraith (D:13)
  3 wyverns
  A dire elephant simulacrum (Lair:3)
  18 yaks
  Eustachio (D:4)
  A fire elemental (Elf:1)
  A basilisk (Lair:1)
  A steam dragon (D:6)
  A redback (Vaults:1)
  A vampire mosquito (D:13)
  8 nagas
  A warg (Orc:1)
  2 hydra simulacra (IceCv)
  7 water moccasins
  3 black bears
  21 orc warriors
  2 sky beasts
  2 alligator simulacra (IceCv)
  5 ogres
  An ice beast (D:7)
  3 boggarts (Vaults:1)
  2 centaurs
  A phantom (D:4)
  8 wolves
  2 lemures (D:4)
  A kobold brigand (D:7)
  8 bullfrogs
  A gnoll sergeant (D:8)
  3 scorpions
  5 killer bees
  A lava snake (Lair:3)
  A wyvern simulacrum (Lair:3)
  A hound (D:6)
  8 orc priests
  2 gnoll boudas
  A jelly (D:5)
  4 iguanas
  16 orc wizards
  Natasha (thrice) (D:2)
  6 gnolls
  5 adders
  A river rat (D:4)
  3 shadow imps
  2 white imps
  A worm (D:4)
  45 orcs
  8 endoplasms
  7 giant cockroaches
  7 goblins
  5 hobgoblins
  A jackal (D:4)
  4 quokkas
  6 ball pythons
  7 bats
  13 frilled lizards
  13 kobolds
  13 rats
539 creatures vanquished.

Vanquished Creatures (collateral kills)
  Vashnia (Snake:3)
  Zenata (Vaults:4)
  Jorgrun (Orc:1)
  The ghost of AtomicRavioli the Warrior, an adept OgFi of Makhleb (Shoals:1)
  5 sphinxes
  2 storm dragons
  The ghost of Qidumn the Severer, an adept MiFi of Okawaru (Shoals:1)
  A tengu reaver (Vaults:1)
  3 nagarajas
  A frost giant (Vaults:4)
  14 vault wardens
  An iron dragon (Vaults:5)
  4 orc warlords
  A curse skull (Vaults:2)
  A stone giant (Vaults:4)
  4 war gargoyles
  19 ironbound preservers
  9 very ugly things
  9 ironbound thunderhulks
  A deep elf demonologist (Vaults:4)
  6 dire elephants
  Snorg (D:11)
  6 crystal guardians
  2 deep elf death magi
  An ettin (Vaults:1)
  A jiangshi (Vaults:2)
  8 merfolk javelineers
  6 merfolk impalers (Shoals:4)
  11 yaktaur captains
  4 entropy weavers
  A great orb of eyes (Vaults:4)
  9 vault guards
  A deep elf high priest (Vaults:2)
  4 catoblepae
  2 salamander tyrants (Snake:4)
  A rakshasa (D:14)
  5 hydras
  9 peacekeepers
  The ghost of valliere the Grappler, a novice TrMo of Wu Jian (D:9)
  12 ironbound frosthearts
  A merfolk avatar (Shoals:4)
  An alligator snapping turtle (Shoals:4)
  6 anacondas
  4 boulder beetles
  11 dancing weapons
  12 centaur warriors
  2 merfolk aquamancers (Shoals:4)
  8 naga warriors
  4 two-headed ogres
  2 tengu warriors (D:13)
  3 death yaks (Lair:5)
  2 shock serpents (Snake:3)
  The ghost of mkat the Magician, a novice MfEE of Wu Jian (Lair:2)
  7 naga sharpshooters
  6 orc high priests
  4 deep elf knights
  A vampire mage (Vaults:2)
  2 salamander mystics (Snake:4)
  4 skysharks
  A fire crab (Lair:4)
  4 skeletal warriors (D:13)
  45 deep trolls
  7 sea snakes
  4 lindwurms
  5 wizards
  11 deep elf archers
  3 naga ritualists
  12 ironbound convokers
  5 orc knights
  3 phantasmal warriors
  12 deep elf zephyrmancers
  17 deep elf pyromancers
  9 mana vipers
  4 orc sorcerers
  9 harpies
  14 ugly things
  6 fauns
  An oklob plant (Lair:5)
  4 cyclopes
  11 manticores
  4 water nymphs
  5 elephants (Lair:5)
  A black mamba (shapeshifter) (Elf:1)
  9 merfolk sirens
  3 guardian serpents
  8 salamanders
  15 naga magi
  10 vault sentinels
  14 black mambas
  A torpor snail (Lair:2)
  6 cane toads
  A gargoyle (D:13)
  Maggie (D:6)
  2 rime drakes
  29 yaktaurs
  2 freezing wraiths (D:14)
  5 komodo dragons
  A kobold demonologist (D:10)
  An anaconda simulacrum (Lair:3)
  12 merfolk
  4 meliai
  A tyrant leech (Lair:5)
  A wolf spider simulacrum (Lair:3)
  7 trolls
  A hornet (D:9)
  11 blink frogs
  14 snapping turtles
  6 wind drakes
  7 dream sheep
  A stone giant simulacrum (Vaults:4)
  A raiju (shapeshifter) (D:14)
  25 slime creatures
  A centaur simulacrum (D:13)
  2 jumping spiders
  A culicivora (Vaults:3)
  3 water elementals
  A shadow (D:13)
  4 wyverns
  4 vampires
  4 wraiths
  22 yaks
  2 fire elementals (Elf:2)
  4 basilisks
  16 vampire mosquitoes
  4 redbacks
  A steam dragon (D:8)
  Menkaure (D:7)
  30 nagas
  2 wargs (Orc:2)
  2 water moccasins
  3 acid dragons
  3 nameless horrors
  A black bear (Lair:4)
  Pargi (Sewer)
  18 orc warriors
  A meliai simulacrum (D:14)
  4 ogres
  4 boggarts
  11 wolves
  3 centaurs (Lair:2)
  A lemure (D:4)
  2 phantoms
  2 kobold brigands (D:7)
  8 bullfrogs
  4 earth elementals
  A gnoll sergeant (D:11)
  10 wights (D:8)
  A blink frog simulacrum (Lair:3)
  4 killer bees (D:10)
  3 howler monkeys
  2 electric eels (Lair:5)
  A lava snake (Lair:3)
  An iron imp (D:13)
  14 orc priests
  17 orc wizards
  An iguana (D:7)
  6 hell rats (Lair:2)
  A boggart simulacrum (D:14)
  13 gnolls
  3 white imps
  35 orcs
  2 goblins (D:11)
  5 kobolds (D:7)
938 creatures vanquished.

Vanquished Creatures (others)
  A deep elf knight (Elf:1)
  A naga mage (Snake:4)
  A komodo dragon (Lair:4)
  An air elemental (Elf:1)
  A water elemental (Elf:2)
  A boggart (D:14)
  An orc (Orc:2)
  A spectral weapon (Vaults:3)
8 creatures vanquished.

Grand Total: 1485 creatures vanquished

Notes
Turn   | Place    | Note
-------+----------+-------------------------------------------
     0 | D:1      | AngryKot the Djinni Ice Elementalist began the quest for
                  | the Orb.
     0 | D:1      | AngryKot set off with the following spells memorised:
                  | Freeze, Frozen Ramparts, Ozocubu's Armour, Summon Ice
                  | Beast.
     0 | D:1      | Reached XP level 1. HP: 15/15 MP: 0/0
   264 | D:1      | Reached XP level 2. HP: 21/21 MP: 0/0
   707 | D:1      | Reached XP level 3. HP: 25/26 MP: 0/0
   707 | D:1      | Learned a level 1 spell: Summon Small Mammal
   735 | D:1      | You are sucked into a shaft and drop 1 floor!
   907 | D:2      | Noticed Natasha
  1034 | D:2      | Killed Natasha
  1035 | D:2      | Reached skill level 1 in Fighting
  1035 | D:2      | Reached XP level 4. HP: 27/32 MP: 0/0
  1083 | D:2      | Noticed Natasha
  1570 | D:2      | Killed Natasha
  1571 | D:2      | Reached skill level 4 in Spellcasting
  1571 | D:2      | Reached XP level 5. HP: 18/37 MP: 0/0
  1571 | D:2      | Learned a level 2 spell: Ensorcelled Hibernation
  1593 | D:2      | Noticed Natasha
  1656 | D:2      | Killed Natasha
  2096 | D:3      | Noticed an ice beast
  2218 | D:3      | Found a snail-covered altar of Cheibriados.
  2220 | D:3      | Found a hide-covered altar of Uskayaw.
  2818 | D:4      | Reached XP level 6. HP: 40/43 MP: 0/0
  2840 | D:4      | Found a glowing drain.
  2848 | Sewer    | Entered a sewer
  2890 | Sewer    | Noticed Pargi
  3019 | Sewer    | Killed Pargi
  3216 | D:4      | Found a staircase to the Ecumenical Temple.
  3225 | Temple   | Entered the Ecumenical Temple
  3264 | Temple   | Became a worshipper of Gozag Ym Sagoz the Greedy
  3376 | D:4      | Reached XP level 7. HP: 10/49 MP: 0/0
  3376 | D:4      | Learned a level 3 spell: Ignite Poison
  3732 | D:4      | Noticed Pikel
  3789 | D:4      | Found a sacrificial altar of Ru.
  3906 | D:4      | Reached skill level 5 in Spellcasting
  4399 | D:4      | Noticed Eustachio
  4895 | D:5      | Entered Level 5 of the Dungeon
  5459 | D:5      | Reached skill level 5 in Dodging
  5459 | D:5      | Reached XP level 8. HP: 52/58 MP: 0/0
  6159 | D:6      | Found the Hermit's Pendant {Faith Invo=14 Evo=0 MP+5}
  6170 | D:6      | Reached skill level 6 in Spellcasting
  6405 | D:6      | Noticed Maggie
  6953 | D:6      | Found a large runed translucent door.
  6953 | D:6      | Found a large runed translucent door.
  6959 | D:6      | Found a large runed translucent door.
  6959 | D:6      | Found a large runed translucent door.
  7122 | D:6      | Reached skill level 7 in Spellcasting
  7151 | D:6      | Identified the +10 trident of the Ass {venom, rF+ rCorr
                  | Int+3 Dex-2}
  7387 | D:6      | Reached XP level 9. HP: 54/62 MP: 0/0
  7387 | D:6      | Learned a level 4 spell: Ice Form
  7676 | D:6      | Noticed a manticore
  7858 | D:7      | Noticed Menkaure
  7869 | D:7      | Killed Menkaure
  8137 | D:7      | Found Zibyumou's Antique Armour Boutique.
  8216 | D:7      | Noticed Prince Ribbit
  8225 | D:7      | Killed Prince Ribbit
  8226 | D:7      | Reached skill level 5 in Fighting
  8226 | D:7      | Reached skill level 8 in Spellcasting
  8896 | D:7      | Reached XP level 10. HP: 56/70 MP: 0/0
  9619 | D:4      | Killed Pikel
 10136 | D:8      | Found a staircase to the Lair.
 10189 | D:8      | Found an ornate altar of the Wu Jian Council.
 10313 | D:8      | Reached skill level 9 in Spellcasting
 10943 | Lair:1   | Entered Level 1 of the Lair of Beasts
 11122 | Lair:1   | Noticed a cane toad
 11130 | Lair:1   | Killed a cane toad
 11252 | Lair:1   | You are sucked into a shaft and drop 1 floor!
 11252 | Lair:2   | Noticed an eight-headed hydra
 11262 | Lair:2   | Killed an eight-headed hydra
 11272 | Lair:2   | Noticed a torpor snail
 11273 | Lair:2   | Noticed a death yak
 11279 | Lair:1   | Noticed a cane toad
 11367 | Lair:1   | Reached XP level 11. HP: 68/79 MP: 0/0
 11367 | Lair:1   | Learned a level 4 spell: Summon Lightning Spire
 12216 | Lair:2   | Noticed a catoblepas
 12230 | Lair:2   | Killed a catoblepas
 12231 | Lair:2   | Reached skill level 1 in Shields
 12231 | Lair:2   | Reached skill level 10 in Spellcasting
 12568 | Lair:2   | Killed a death yak
 13010 | Lair:2   | Found a runed translucent gate.
 13010 | Lair:2   | Found a runed translucent gate.
 13010 | Lair:2   | Found a runed translucent gate.
 13010 | Lair:2   | Noticed mkat's ghost (novice MfEE)
 13778 | Lair:2   | Found a staircase to the Shoals.
 14497 | Lair:2   | Found an ornate altar of the Wu Jian Council.
 14657 | Lair:3   | Noticed a boulder beetle
 14710 | Lair:3   | Noticed a five-headed hydra
 14720 | Lair:3   | Killed a five-headed hydra
 14721 | Lair:3   | Reached XP level 12. HP: 75/88 MP: 0/0
 15261 | Lair:3   | Found a transporter.
 15339 | Lair:3   | Found a staircase to the Snake Pit.
 15352 | Lair:3   | Reached skill level 10 in Dodging
 15753 | Lair:3   | Reached skill level 5 in Shields
 16161 | Lair:3   | Killed a boulder beetle
 16295 | Lair:3   | Identified the +1 rapier "Loix" {spect, Drain rN++ Will+
                  | SInv}
 16337 | Lair:3   | Found a transporter.
 16340 | Lair:3   | Found the +5 Lochaber axe {reach-cleave, Poleaxe Drain}
 16630 | Lair:4   | Found a staircase to the Slime Pits.
 16631 | Lair:4   | Found a viscous altar of Jiyva.
 17114 | Lair:4   | Reached skill level 11 in Spellcasting
 17124 | Lair:4   | Noticed a fire crab
 17147 | Lair:4   | Killed a fire crab
 17183 | Lair:4   | Noticed a boulder beetle
 17218 | Lair:4   | Killed a boulder beetle
 17897 | Lair:4   | Reached skill level 10 in Fighting
 18357 | Lair:4   | Noticed a skyshark
 18367 | Lair:4   | Killed a skyshark
 18368 | Lair:4   | Reached XP level 13. HP: 73/96 MP: 0/0
 18368 | Lair:4   | Learned a level 5 spell: Yara's Violent Unravelling
 19035 | Lair:4   | Bought the +3 warlock's mirror {omnireflect} for 560 gold
                  | pieces
 19035 | Lair:4   | Found the +3 warlock's mirror {omnireflect}
 19035 | Lair:4   | Bought a +2 helmet of intelligence for 301 gold pieces
 19104 | Lair:5   | Entered Level 5 of the Lair of Beasts
 21255 | Lair:5   | Reached skill level 12 in Spellcasting
 21766 | Lair:5   | Reached XP level 14. HP: 104/106 MP: 0/0
 23439 | Lair:5   | Bought a scroll of identify for 34 gold pieces
 23439 | Lair:5   | Bought a faintly glowing brass ring for 85 gold pieces
 23439 | Lair:5   | Identified the ring of Wiusse Ziots {rPois Str+4} (You
                  | bought it in a shop on level 5 of the Lair of Beasts)
 23980 | D:8      | Found a white marble altar of Elyvilon.
 23980 | D:8      | Found a glowing silver altar of Zin.
 23996 | D:8      | Found a blossoming altar of Fedhas.
 24532 | D:9      | Found a runed translucent gate.
 24532 | D:9      | Found a runed translucent gate.
 24532 | D:9      | Found a runed translucent gate.
 24534 | D:9      | Noticed valliere's ghost (novice TrMo)
 25105 | D:10     | Entered Level 10 of the Dungeon
 25858 | D:11     | Found a staircase to the Orcish Mines.
 27176 | D:11     | Noticed Snorg
 27184 | D:11     | Killed Snorg
 27412 | D:11     | Found an iron altar of Okawaru.
 27716 | Orc:1    | Entered Level 1 of the Orcish Mines
 27919 | Orc:2    | Entered Level 2 of the Orcish Mines
 27997 | Orc:2    | Reached skill level 13 in Spellcasting
 28024 | Orc:2    | Reached XP level 15. HP: 74/115 MP: 0/0
 28024 | Orc:2    | Learned a level 6 spell: Starburst
 28024 | Orc:2    | Noticed an orc warlord
 28049 | Orc:2    | Killed an orc warlord
 28674 | Orc:2    | Noticed an orc warlord
 28691 | Orc:2    | Killed an orc warlord
 28694 | Orc:2    | Reached skill level 15 in Dodging
 29005 | Orc:2    | Found a staircase to the Elven Halls.
 29688 | Orc:2    | Found Fouz's Antique Armour Shop.
 29689 | Orc:2    | Found Jihilit's Antique Weapon Boutique.
 29691 | Orc:2    | Found Fuick's General Store.
 29691 | Orc:2    | Found Gebrecwo's Jewellery Shop.
 29696 | Orc:2    | Bought a scroll of identify for 22 gold pieces
 29696 | Orc:2    | Bought a scroll of fear for 44 gold pieces
 29712 | Orc:2    | Bought a glowing cloak for 292 gold pieces
 29819 | Orc:1    | Found Deym's Book Boutique.
 29837 | Orc:1    | Noticed Jorgrun
 30034 | Orc:1    | Killed Jorgrun
 30590 | Snake:1  | Entered Level 1 of the Snake Pit
 30905 | Snake:1  | Found Ucuasah's Assorted Antiques.
 30913 | Snake:1  | Bought a scroll labelled TYOSIN ENUUGIGG for 20 gold pieces
 31569 | Snake:1  | Reached skill level 14 in Spellcasting
 32049 | Snake:2  | Reached XP level 16. HP: 124/124 MP: 0/0
 32176 | Snake:2  | Found a shimmering altar of Xom.
 33298 | Snake:3  | Noticed Vashnia
 33567 | Snake:3  | Noticed a nagaraja
 33581 | Snake:3  | Killed a nagaraja
 33775 | Snake:3  | Killed Vashnia
 34127 | Snake:3  | Noticed Aizul
 34142 | Snake:3  | Killed Aizul
 34497 | Snake:3  | Reached skill level 15 in Fighting
 35055 | Snake:4  | Entered Level 4 of the Snake Pit
 35099 | Snake:4  | Reached skill level 15 in Spellcasting
 35312 | Snake:4  | Noticed a nagaraja
 35322 | Snake:4  | Killed a nagaraja
 35718 | Snake:4  | Found Ygofausm's Antique Weapon Shoppe.
 35806 | Snake:4  | Reached XP level 17. HP: 122/131 MP: 0/0
 35806 | Snake:4  | Learned a level 7 spell: Enfeeble
 36745 | Snake:4  | Identified the +1 spear "Yscheec" {drain, rPois}
 37606 | Snake:4  | Got a serpentine rune of Zot
 38054 | Lair:3   | Bought a pair of embroidered gloves for 232 gold pieces
 38054 | Lair:3   | Bought a potion of heal wounds for 155 gold pieces
 38054 | Lair:3   | Bought a scroll of fear for 124 gold pieces
 38136 | Shoals:1 | Entered Level 1 of the Shoals
 38238 | Shoals:1 | Found a runed translucent gate.
 38239 | Shoals:1 | Found a runed translucent gate.
 38240 | Shoals:1 | Found a runed translucent gate.
 38269 | Shoals:1 | Noticed Dakuasitz's ghost (adept FoFi)
 38269 | Shoals:1 | Noticed Qidumn's ghost (adept MiFi)
 38269 | Shoals:1 | Noticed AtomicRavioli's ghost (adept OgFi)
 38320 | Shoals:1 | Reached skill level 16 in Spellcasting
 38688 | Shoals:1 | Found a frozen archway.
 38742 | IceCv    | Entered an ice cave
 38818 | IceCv    | Found a transporter.
 38853 | IceCv    | Found a transporter.
 38957 | IceCv    | Identified the +5 morningstar "Wugoedd" {spect, Fly SInv}
 39311 | Shoals:2 | Noticed Donald
 39332 | Shoals:2 | Killed Donald
 39383 | Shoals:2 | Reached XP level 18. HP: 127/139 MP: 0/0
 40057 | Shoals:2 | Noticed Ilsuiw
 40657 | Shoals:3 | Found Elim's Armour Shoppe.
 41832 | Shoals:4 | Entered Level 4 of the Shoals
 42938 | Shoals:4 | Reached skill level 17 in Spellcasting
 43847 | Shoals:4 | Reached XP level 19. HP: 51/148 MP: 0/0
 43847 | Shoals:4 | Learned a level 7 spell: Summon Hydra
 44196 | Shoals:4 | Got a barnacled rune of Zot
 44443 | Shoals:4 | Identified the ring of Fyffirho {rC- Str+6 Dex+8 Stlth-}
 44682 | D:8      | Bought a buzzing helmet for 332 gold pieces
 44682 | D:8      | Identified the +0 helmet of Veha {Drain Regen+ rCorr Str+2}
                  | (You bought it in a shop on level 8 of the Dungeon)
 44779 | Lair:3   | Bought the +2 ring mail "Qevucle" {Contam rElec Will+ MP+9}
                  | for 938 gold pieces
 44944 | Elf:1    | Entered Level 1 of the Elven Halls
 44991 | Elf:1    | Reached skill level 1 in Armour
 46144 | Elf:1    | Found Meithrot's Gadget Gallery.
 47058 | Elf:2    | Found a runed translucent gate.
 47058 | Elf:2    | Found a runed translucent gate.
 47059 | Elf:2    | Found a runed translucent gate.
 47602 | Elf:2    | Identified the staff of air "Nenadape" {rElec rCorr}
 47603 | Elf:2    | Identified the +5 shortbow "Panihoz" {freeze, rN+ Will+
                  | Dex+2}
 48700 | D:13     | Found a snail-covered altar of Cheibriados.
 48737 | D:13     | Reached skill level 18 in Spellcasting
 49200 | D:13     | Reached XP level 20. HP: 157/157 MP: 0/0
 49481 | D:13     | Reached skill level 5 in Armour
 50588 | D:14     | Found a gate to the Vaults.
 51746 | Vaults:1 | Entered Level 1 of the Vaults
 51746 | Vaults:1 | Found a flickering gateway to a bazaar.
 51754 | Bazaar   | Entered a bazaar
 51764 | Bazaar   | Found Cinaxzok's Book Shop.
 51790 | Bazaar   | Found Ukotan's Book Shop.
 53385 | D:4      | Killed Eustachio
 53620 | D:6      | Killed Maggie
 53768 | D:6      | Identified the ring "Riudabis" {Fly Slay+2}
 53936 | D:9      | Killed valliere's ghost
 54077 | Lair:2   | Killed mkat's ghost
 54279 | Shoals:1 | Killed AtomicRavioli's ghost
 54288 | Shoals:1 | Killed Dakuasitz's ghost
 54309 | Shoals:1 | Killed Qidumn's ghost
 54388 | Shoals:1 | Identified the +8 spear of the Skies Above {drain, rElec
                  | rCorr MP+9 Str-4}
 54756 | Vaults:2 | Reached XP level 21. HP: 91/164 MP: 0/0
 54756 | Vaults:2 | Learned a level 8 spell: Disjunction
 54920 | Vaults:2 | Found a staircase to the Crypt.
 55520 | Vaults:2 | Reached skill level 19 in Spellcasting
 56205 | Vaults:2 | Identified the +0 kite shield "Xaun" {-Tele rN+ Int+3}
 57654 | Vaults:3 | Reached XP level 22. HP: 170/172 MP: 0/0
 58651 | Vaults:3 | Reached skill level 20 in Spellcasting
 58926 | Vaults:4 | Noticed Zenata
 58935 | Vaults:4 | Killed Zenata
 59309 | Vaults:4 | Reached skill level 10 in Armour
 59708 | Vaults:4 | Found a flickering gateway to a bazaar.
 59735 | Bazaar   | Entered a bazaar
 59735 | Bazaar   | Found Nucwuacuhe's Armour Boutique.
 59735 | Bazaar   | Found Kumiewn's Magic Scroll Boutique.
 59738 | Bazaar   | Found Ilaf's Assorted Antiques.
 59748 | Bazaar   | Bought a potion of resistance for 300 gold pieces
 59748 | Bazaar   | Bought a wizard robe for 171 gold pieces
 59748 | Bazaar   | Identified the +2 robe of Diuceakar {Str+2 SInv} (You
                  | bought it in a shop in a bazaar)
 59748 | Bazaar   | Bought a glowing robe for 111 gold pieces
 59753 | Bazaar   | Found Efargh's Magic Scroll Shoppe.
 59762 | Bazaar   | Bought a scroll of acquirement for 572 gold pieces
 59762 | Bazaar   | Bought a scroll of fear for 44 gold pieces
 59762 | Bazaar   | Bought a scroll of blinking for 82 gold pieces
 59762 | Bazaar   | Acquired 387 gold pieces
 59780 | Bazaar   | Found Plog's Antique Armour Shoppe.
 60578 | Vaults:4 | Reached XP level 23. HP: 158/180 MP: 0/0
 60578 | Vaults:4 | Learned a level 8 spell: Ignition
 61070 | Vaults:5 | Entered Level 5 of the Vaults
 61282 | Vaults:5 | Reached skill level 21 in Spellcasting
 61528 | Vaults:5 | Noticed an ancient lich
 61528 | Vaults:5 | Noticed a golden dragon
 61740 | Vaults:5 | Killed from afar by an ancient lich

Illustrated notes

Levels and vault maps discovered:
D:1:      lemuel_arrival_cross, layout_loops_ring,
          chequers_serial_rivers_micro_b, hangedman_decor_push
D:2:      layout_rooms, st_stairs_8, uniq_natasha
D:3:      layout_loops_ring, jmf_multi_god_temple, minivault_11
D:4:      layout_loops_corners, mainiacjoe_overflow_alcove_4,
          lemuel_temple_firewalk_b, portal_sewer_entry_e, minmay_misc_feat_five,
          st_stairs_13, hangedman_glass_teeth, uniq_pikel, uniq_eustachio
D:5:      layout_basic, nicolae_hexahallways
D:6:      layout_cave_pods, minmay_hollow_rounded_squares, uniq_maggie
D:7:      layout_rooms, serial_shops, nicolae_shop_dealshenge, uniq_menkaure,
          uniq_prince_ribbit1
D:8:      layout_loops_ring, nicolae_wu_jian_wuxing_cycle,
          gammafunk_temple_overflow_claw, dpeg_oklobed_lair
D:9:      layout_irregular_city, gammafunk_ghost_hydra_chop
D:10:     layout_roguey, nicolae_straight_to_the_point
D:11:     layout_basic, orc_0_dummy, kennysheep_okawaru_gauntlet, uniq_snorg
D:12:     layout_loops_ring
D:13:     kennysheep_windowed_halls, layout_stronghold, slow_altar_1
D:14:     minmay_octagon_keep, layout_stronghold,
          lightli_vaults_fourway_checkpoint
Temple:   hellmonk_temple_of_storms
Lair:1:   layout_regular_city, minmay_hedge_maze
Lair:2:   layout_hall_layers, elwin_shoals_entry_rooms,
          ebering_ghost_rock_garden, lemuel_centaur_altar,
          infiniplex_staircase_pool_2
Lair:3:   gammafunk_cloud_chamber, layout_regular_city,
          nicolae_snake_entry_warm_welcome, serial_bayou_shore_b,
          grunt_megastairs_1
Lair:4:   nzn_winding_woodlands_medium [nzn_winding_woodlands_5x5_closed_star,
          nzn_winding_woodlands_5x15_pathside_ponds,
          nzn_winding_woodlands_5x5_open_star,
          nzn_winding_woodlands_5x5_checkerboard,
          nzn_winding_woodlands_center_pierced_h,
          nzn_winding_woodlands_5x5_perimeter, nzn_winding_woodlands_hourglass,
          nzn_winding_woodlands_5x15_eye, nzn_winding_woodlands_5x5_default],
          layout_gridlike, slime_entry_1, chequers_serial_rivers_room_b
Lair:5:   minmay_lair_end_frog_pond, layout_gridlike,
          chequers_serial_rivers_room_a
Shoals:1: layout_shoals, portal_ice_cave_entry_ice_statue_one,
          gammafunk_ghost_cemetery, shoals_oasis
Shoals:2: layout_shoals, uniq_donald, uniq_ilsuiw
Shoals:3: layout_shoals, serial_shops, nicolae_square_shop
Shoals:4: shoals_end_grunt_ice, layout_shoals, shoal_ilsuiw,
          nicolae_shoals_water_booths
Snake:1:  layout_gridlike, serial_shops, shop, drop_trap
Snake:2:  layout_chambers, basic_altar
Snake:3:  layout_chambers, grunt_megastairs_2, uniq_aizul, uniq_vashnia
Snake:4:  snake_pit, layout_layer_cave, minmay_shop_star
Orc:1:    layout_caves, serial_shops, shop, abandoned_shop, mines2_lemuel,
          uniq_jorgrun
Orc:2:    st_orc_congregation, layout_caves
Elf:1:    nicolae_elf_arrival_no_cutting_in_line, layout_loops_corners,
          minivault_28, nicolae_twisting_strands, nicolae_shop_gadgets
Elf:2:    elven_hall_of_blades_hangedman_original
          [nicolae_blade_entry_crossed_weapons], layout_geoelf_grid,
          minmay_checkered_concentric_circles
Vaults:1: nicolae_vaults_surprise_closet, nicolae_vaults_trapezoid_lopsided_1,
          grunt_vaults_funnel, nicolae_vaults_enemy_cabinets, v_misc_1,
          nicolae_vaults_variable_pillar_hall, v_pattern_2,
          nicolae_vaults_trapezoid_lopsided_1, layout_vaults_omnigrid,
          serial_shops, freezing_bzr
Vaults:2: hangedman_vaults_stretched_pinwheel, vaults_mumra_bighexcomb,
          v_rooms_4, nicolae_vaults_trapezoid_2,
          minmay_crypt_entry_simple_walls, vaults_room_grid,
          nicolae_vaults_tetromino_T_1, ontoclasm_vaults_idyll,
          ontoclasm_vaults_hangar, v_misc_17, v_misc_11,
          nicolae_vaults_tangram_2, ontoclasm_vaults_eye,
          layout_vaults_maze_snakey
Vaults:3: hangedman_vaults_slither, vaults_mumra_minichess_inversion,
          nicolae_vaults_storage_closets_1, grunt_vaults_twisty,
          nicolae_vaults_variable_pillar_hall_cross,
          nicolae_vaults_sesquioval_fish, vaults_room_pools,
          nicolae_vaults_sealed_display, nicolae_vaults_tetromino_L_2,
          layout_vaults_big_room
Vaults:4: portal_desolation_entry_twin_temple, st_squares,
          nicolae_vaults_little_squares_4, nicolae_vaults_storage_closets_3,
          nicolae_vaults_twisting_passages, nicolae_vaults_diagonal_hallway_7,
          vaults_mumra_hex, vaults_mumra_lcd,
          nicolae_vaults_offset_grid_hallway_2, v_misc_29, serial_ice_h,
          v_rooms_4, nicolae_vaults_tetromino_T_2, serial_ice_g,
          layout_vaults_ring, serial_shops, bzr_entry_water, uniq_zenata
Vaults:5: serial_shops

Skill      XL: |  1  2  3  4  5  6  7  8  9 10 11 12 13 14 15 16 17 18 19 20 21 22 23 |
---------------+----------------------------------------------------------------------+-----
Fighting       | 1 2 3 5 7 8 10 11 13 14 15 16 17 18 19 20 | 20.4
Dodging        | 3 4 5 6 8 9 11 13 14 15 16 17 18 19 20 | 20.0
Spellcasting   | 4 5 7 8 9 10 11 12 13 14 15 16 17 18 19 20 21 | 21.1
Shields        | 4 5 |  5.0
Armour         | 4 6 8 10 | 10.0
Stealth        | |  1.8

Action                     |  1- 3 |  4- 6 |  7- 9 | 10-12 | 13-15 | 16-18 | 19-21 | 22-24 || total
---------------------------+-------+-------+-------+-------+-------+-------+-------+-------++-------
  Melee: Unarmed           |    20 |       |    15 |    19 |    47 |       |       |       ||   101
         Dagger            |     3 |    20 |    40 |    18 |       |       |       |       ||    81
         Rapier            |       |       |       |       |     3 |       |    46 |     3 ||    52
   Cast: Freeze            |    42 |    77 |    81 |    89 |   160 |   214 |    72 |       ||   735
         Ozocubu's Armour  |       |     5 |    31 |    79 |   103 |   131 |    70 |    14 ||   433
         Frozen Ramparts   |       |     2 |    38 |    69 |    54 |    39 |    15 |     3 ||   220
         Summon Small Mamm |       |     2 |     2 |     1 |       |       |       |       ||     5
         Summon Ice Beast  |       |     2 |    15 |    47 |    95 |   115 |     8 |       ||   282
         Ensorcelled Hiber |       |     2 |     2 |       |       |     5 |     1 |       ||    10
         Ice Form          |       |       |     2 |     2 |    12 |       |       |       ||    16
         Summon Lightning  |       |       |       |    55 |   176 |   203 |    96 |    18 ||   548
         Yara's Violent Un |       |       |       |       |     5 |    49 |    18 |     1 ||    73
         Starburst         |       |       |       |       |    38 |    77 |    32 |     7 ||   154
         Enfeeble          |       |       |       |       |       |   153 |    42 |    32 ||   227
         Summon Hydra      |       |       |       |       |       |       |   326 |   151 ||   477
         Disjunction       |       |       |       |       |       |       |     1 |     3 ||     4
         Ignition          |       |       |       |       |       |       |       |    17 ||    17
 Invoke: Call Merchant     |       |       |       |       |     2 |     2 |     2 |       ||     6
    Use: Scroll            |       |     4 |     3 |    16 |    10 |     2 |       |     2 ||    37
         Potion            |       |       |     2 |     5 |     1 |     2 |     3 |     7 ||    20
   Stab: Sleeping          |       |     1 |     5 |       |       |       |       |       ||     6
         Distracted        |       |       |     1 |       |     1 |       |     2 |     1 ||     5
         Invisible         |       |       |       |       |       |       |     2 |       ||     2
 Armour: Robe              |    10 |    19 |    29 |    52 |    39 |    74 |       |       ||   223
         Skin              |       |       |     8 |    13 |    37 |       |       |       ||    58
         Ring mail         |       |       |       |       |       |       |    89 |    24 ||   113
  Dodge: Dodged            |    36 |    44 |    90 |   125 |   246 |   439 |   284 |   113 ||  1377
  Block: Buckler           |       |       |       |    29 |    86 |   189 |   169 |    53 ||   526
         Reflection        |       |       |       |       |    16 |    58 |    44 |    19 ||   137
